Unix NetHack Version 3.7.0-88 Work-in-progress - last build Aug 21 2023 04:08:40 (b68ccb3e4f8f5dcb83e1e40b1ff56e7dffd4cd28,branch:master). Game began 2023-08-31 21:34:29, ended 2023-09-03 00:45:36. horga, chaotic female human Barbarian ----- |... --..--------- --...|...B...| ...---....|.@@....| .....)aaa.J%A&.@@...| ..%...---..).|.......| .%... --...|.......| --%-- --..--------- -----.%.--- |.... ....%.%/.... ------ ..../.%..... ............ .......... ........ ------ Horga the Raider St:25 Dx:18 Co:18 In:9 Wi:15 Ch:8 Chaotic Astral Plane $:0 HP:203(229) Pw:33(33) AC:-40 Xp:16/632210 T:34898 Latest messages: Yitzhak the Curate seems more experienced. Dion the Burglar wields a hooked polearm! Dion the Burglar swings a hooked polearm. A hooked polearm misses you. The vampire bat turns to flee. You hear a mumbled curse. The renegade Angel of Set wields a long sword! You smite the renegade Angel of Set! You smite the renegade Angel of Set! Yitzhak the Curate zaps himself with a wand of make invisible! Yitzhak the Curate's body takes on a strange transparency. Dion the Burglar wields 8 greased orcish daggers! The renegade Angel of Set swings her long sword. The renegade Angel of Set misses! The renegade Angel of Set swings her long sword. The renegade Angel of Set misses! The renegade Angel of Set misses! The renegade Angel of Set casts a spell at you! You are hit by a shower of missiles! The missiles bounce off! You smite the renegade Angel of Set! Dion the Burglar wields a hooked polearm! Dion the Burglar swings a hooked polearm. A hooked polearm misses you. You kill the renegade Angel of Set! Dion the Burglar wields 8 greased orcish daggers! Death opens a door. You hear some noises in the distance. Yitzhak the invisible Curate turns to flee. Yitzhak the invisible Curate wields a mace named Demonbane! Dion the Burglar wields a hooked polearm! You hear a mumbled curse. You hear a mumbled curse. The Angel of Mitra points at you, then curses. Dion the Burglar wields 8 greased orcish daggers! Yitzhak the invisible Curate picks up a long sword. Dion the Burglar wields a hooked polearm! Dion the Burglar swings a hooked polearm. A hooked polearm misses you. The Angel of Mitra points at you, then curses. "The great Mitra has sent me to make you pay for your sins!" Yitzhak the invisible Curate picks up a polished silver shield. There is a high altar to Set (chaotic) here. What do you want to sacrifice? [W or ?*] ? You offer the Amulet of Yendor to Set... An invisible choir sings, and you are bathed in radiance... The voice of Set booms: "Mortal, thou hast done well!" "In return for thy service, I grant thee the gift of Immortality!" You ascend to the status of Demigoddess... Do you want to see the dungeon overview? [ynq] (y) y Inventory: Amulets o - an uncursed amulet of life saving named bones (being worn) Weapons K - 7 blessed poisoned rustproof +6 shuriken (at the ready) E - the uncursed rustproof +0 Magicbane A - the blessed rustproof +7 Cleaver (weapon in hands) Armor f - an uncursed greased fireproof +7 elven leather helm (being worn) O - a blessed greased rustproof +4 pair of gauntlets of power (being worn) e - a blessed fireproof +5 pair of speed boots (being worn) Z - an uncursed greased fireproof +5 cloak of magic resistance named bones (being worn) S - a blessed +4 Hawaiian shirt with a giant eel motif (being worn) m - a blessed greased +5 silver dragon scale mail (being worn) Spellbooks J - the uncursed Book of the Dead Potions G - a blessed potion of healing Rings c - an uncursed ring of conflict C - an uncursed ring of free action (on right hand) l - an uncursed ring of levitation y - an uncursed ring of slow digestion z - an uncursed ring of teleport control Wands R - an uncursed wand of cancellation (0:6) H - an uncursed wand of cold named -1 (0:4) N - an uncursed wand of death named -? (0:3) g - an uncursed wand of death (0:2) U - an uncursed wand of digging (0:1) i - an uncursed wand of fire (0:4) r - an uncursed wand of magic missile (0:3) V - an uncursed wand of secret door detection (0:8) Y - an uncursed wand of sleep named -? (0:4) u - an uncursed wand of striking named -3 (0:2) M - an uncursed wand of teleportation (0:4) B - an uncursed wand of teleportation (0:3) Tools b - a blessed bag of holding containing 77 items j - an uncursed sack containing 1 item Q - the uncursed Bell of Opening (0:2) P - an uncursed blindfold T - the uncursed Candelabrum of Invocation (0 of 7 candles attached) k - an uncursed skeleton key s - a cursed stethoscope h - a blessed +0 unicorn horn Gems/Stones w - the blessed Heart of Ahriman Contents of the bag of holding: an uncursed amulet of life saving an uncursed amulet of life saving 6 uncursed +0 shuriken an uncursed -1 helm of opposite alignment an uncursed +0 mummy wrapping 3 uncursed C-rations an uncursed cram ration 5 uncursed food rations 5 uncursed lembas wafers an uncursed lump of royal jelly an uncursed sprig of wolfsbane an uncursed lizard corpse 22 blessed scrolls of blank paper 6 uncursed scrolls of blank paper 8 cursed scrolls of blank paper a blessed scroll of charging a blessed scroll of enchant armor 4 uncursed scrolls of enchant weapon 4 blessed scrolls of identify an uncursed scroll of magic mapping a blessed scroll of remove curse 3 uncursed scrolls of taming 3 cursed scrolls of teleportation 3 blessed diluted potions of extra healing 3 blessed potions of full healing 3 uncursed potions of object detection 2 blessed potions of restore ability 8 potions of holy water 3 potions of unholy water an uncursed ring of conflict an uncursed ring of free action an uncursed ring of free action an uncursed ring of free action an uncursed ring of regeneration an uncursed ring of regeneration an uncursed ring of teleport control an uncursed wand of cold (0:7) an uncursed wand of digging (0:8) an uncursed wand of digging (0:7) an uncursed wand of digging (0:6) a cursed wand of enlightenment (0:4) an uncursed wand of fire (0:5) an uncursed wand of fire (0:5) an uncursed wand of fire named -3 (0:1) a cursed wand of fire (0:3) a cursed wand of fire named -? (0:3) an uncursed wand of lightning (0:8) an uncursed wand of lightning (0:4) an uncursed wand of lightning (0:4) an uncursed wand of magic missile (0:7) an uncursed wand of magic missile (0:5) an uncursed wand of magic missile (0:4) a blessed wand of polymorph named -1 (0:6) a cursed wand of polymorph named -? (0:1) an uncursed wand of sleep (0:4) an uncursed wand of sleep named -1 (0:4) an uncursed wand of sleep (0:3) a cursed wand of sleep named -? (0:8) a cursed wand of sleep (0:1) an uncursed wand of slow monster named -? (0:5) an uncursed wand of striking (0:7) an uncursed wand of striking (0:0) an uncursed wand of striking (0:0) a cursed wand of striking (0:5) an uncursed wand of teleportation (0:4) an uncursed wand of teleportation (0:4) an uncursed wand of wishing (0:2) an uncursed wand of wishing (1:0) a cursed wand of wishing named bones (1:2) an uncursed brass lantern an uncursed can of grease (0:15) an uncursed leash an uncursed magic marker (0:94) an uncursed magic marker (1:20) an uncursed opal a blessed luckstone 2 uncursed luckstones Contents of the sack: 3 blessed scrolls of scare monster named blessed Horga the Barbarian's attributes: Background: You were a Raider, a level 16 female human Barbarian. You were chaotic, on a mission for Set who was opposed by Mitra (lawful) and Crom (neutral). You were in the endgame, on the Astral Plane. You entered the dungeon 34898 turns ago. It was the midnight hour. There was a full moon in effect when your adventure ended. You had 632210 experience points, 7790 more were needed to attain level 17. Basics: You had 203 out of 229 hit points. You had all 33 energy points (spell power). Your armor class was -40. Your wallet was empty. Autopickup was off. Final Characteristics: Your strength was 25 (base:18/09, innate limit:18/100). Your dexterity was 18 (limit:18). Your constitution was 18 (limit:18). Your intelligence was 9 (limit:18). Your wisdom was 15 (limit:18). Your charisma was 8 (limit:18). Final Status: You were not hungry. You were unencumbered. You were wielding an axe. You had expert skill with axe. Final Attributes: You were piously aligned. You were magic-protected. You were fire resistant. You were cold resistant. You were sleep resistant. You were disintegration resistant. You were shock resistant. You were poison resistant. You saw invisible. You were telepathic. You were invisible to others. You were stealthy. You had a moderate defense bonus (+7). You were warded. You were very fast. You had reflection. You had free action. Your life would have been saved. You were extremely lucky. You had extra luck. Good luck did not time out for you. You survived. Miscellaneous: You encountered 3 bones levels. Total elapsed playing time was 12 hours, 3 minutes and 39 seconds. Major events: Turn 1: horga the chaotic female human Barbarian entered the dungeon 497: entered the Gnomish Mines 1095: attained the rank of Pillager (level 3) 2279: reached Mine Town 2732: attained the rank of Bandit (level 6) 5059: was bestowed with Cleaver by Set 5260: destroyed MargeBouvier's ghost, the former Magician 5265: found Magicbane on the floor 7985: acquired the Mines' End luckstone 11266: made her first wish - "2 blessed scrolls of charging", got "2 scrolls called KERNOD WEL 300" 11271: entered Sokoban 11289: wished for "blessed fixed greased +2 silver dragon scale mail", got "a greased silver dragon scale mail" 11570: wished for "uncursed magic marker", got "a magic marker" 11571: wished for "blessed fixed greased +2 speed boots", got "a greased pair of buckled boots" 11999: attained the rank of Brigand (level 10) 12597: completed 1st Sokoban level 13073: completed 2nd Sokoban level 13451: completed 3rd Sokoban level 14384: completed 4th Sokoban level 14484: acquired the Sokoban bag of holding 14764: destroyed WizzyTheWeird's ghost, the former Magician 15870: destroyed MoonPig's ghost, the former Student of Stones 16466: was bestowed with Fire Brand by Set 16786: was bestowed with Orcrist by Set 21010: killed Medusa 21984: wished for "blessed ring of levitation", got "a diamond ring" 23326: wished for "uncursed magic marker", got "a magic marker" 24743: entered Gehennom 26337: wished for "blessed fixed greased +2 gauntlets of power", got "a greased pair of fencing gloves" 26398: performed her first genocide (class e) 27355: attained the rank of Raider (level 14) 28403: found the Heart of Ahriman on the floor 28408: killed Thoth Amon 28409: acquired the Bell of Opening 29461: killed Asmodeus 29773: killed Juiblex 30174: killed the invisible Orcus 30790: destroyed Vlad the Impaler 30792: acquired the Candelabrum of Invocation 30851: genocided disenchanters 30852: genocided master mind flayers 32497: wished for "uncursed magic marker", got "a magic marker" 32788: killed the Wizard of Yendor 32797: acquired the Book of the Dead 32821: performed the invocation 33008: killed the high priestess of Moloch 33010: acquired The Amulet of Yendor 34574: entered the Elemental Planes 34574: entered Plane of Earth 34574: killed the Wizard of Yendor (2nd time) 34658: entered Plane of Air 34693: killed the Wizard of Yendor (3rd time) 34705: entered Plane of Fire 34753: entered Plane of Water 34755: genocided class ; 34842: entered the Astral Plane 34860: killed Death 34869: killed Death (2nd time) 34896: found Demonbane carried by a monster 34898: ascended Vanquished creatures: Asmodeus Orcus Juiblex the Wizard of Yendor (thrice) Death (twice) Vlad the Impaler 2 arch-liches a high cleric Medusa 15 krakens 3 master liches 2 storm giants a titan 3 balrogs Thoth Amon 7 purple worms a gray dragon a gold dragon a silver dragon 2 white dragons an orange dragon 4 black dragons 4 blue dragons 2 green dragons 3 yellow dragons 23 minotaurs 6 jabberwocks 6 baluchitheria 6 Angels 7 demiliches 2 stone golems 5 Olog-hai 2 pit fiends 2 sandestins a hell hound 3 displacer beasts 2 titanotheres a baby yellow dragon 2 guardian nagas 3 genetic engineers 23 vampire leaders 5 skeletons 11 aligned clerics 5 captains 5 shades 10 liches 2 clay golems 2 nurses 2 ice devils 4 nalfeshnees a lurker above 4 Aleaxes 3 frost giants 2 black puddings 32 vampires 9 lieutenants 41 ghosts 2 queen bees 2 winged gargoyles 2 mind flayers 6 giant mimics 3 long worms 5 zruties 3 fire giants 4 ogre tyrants 9 ice trolls 34 rock trolls 5 umber hulks 3 flesh golems 4 elven monarchs a doppelganger 4 hezrous a bone devil 7 large mimics 3 wumpuses a fire vortex a baby purple worm 3 couatls 12 stalkers 5 air elementals 3 fire elementals 9 earth elementals 7 water elementals a hill giant 3 giant mummies 5 black nagas 4 xorns 14 giant zombies 4 elf-nobles 6 sergeants 2 water demons 7 barbed devils 3 vrocks 3 salamanders 4 wargs a winter wolf 3 hell hound pups 10 small mimics 5 glass piercers 5 warhorses a steam vortex 7 xans 4 ogre leaders 8 quantum mechanics 21 trolls a sasquatch a wood golem 3 erinyes 4 mariliths 6 sharks 8 electric eels 6 gelatinous cubes a large dog a freezing sphere 3 flaming spheres 2 shocking spheres 6 large cats 4 tigers 4 gargoyles 3 tengu 4 ochre jellies 3 leocrottas 3 energy vortices a mountain centaur 6 stone giants 6 elf mummies 4 human mummies a red naga 4 green slimes 6 pythons 10 pit vipers 5 cobras 34 wraiths 11 ettin zombies 2 leather golems 4 Grey-elves 49 soldiers 4 amorous demons 5 horned devils 6 chameleons 3 crocodiles 15 giant beetles 3 quivering blobs 13 cockatrices 25 wolves a winter wolf cub 5 lynxes 2 panthers 5 gremlins 6 leprechauns an orc-captain 6 iron piercers 4 mumakil 7 giant spiders 6 scorpions 4 horses 4 ice vortices 3 black lights 10 vampire bats a forest centaur 6 gnome rulers an orc mummy 2 dwarf mummies 61 ogres 10 brown puddings 11 rust monsters 4 owlbears 8 yetis a Green-elf 6 piranha 17 giant eels 14 lizards 7 chickatrices 3 dogs 2 housecats 6 jaguars 8 dwarf leaders 4 blue jellies 5 white unicorns 2 gray unicorns 5 dust vortices 4 ravens 2 plains centaurs 3 gnome mummies 14 snakes 2 apes 17 human zombies a rope golem 2 Woodland-elves 7 soldier ants 11 fire ants 3 bugbears 2 lemures 2 quasits 4 wood nymphs 3 water nymphs 4 mountain nymphs 34 Uruk-hai 2 orc shamans 6 rock piercers 6 rock moles 3 ponies 3 fog clouds 13 yellow lights 4 shriekers 5 violet fungi 20 gnome leaders 10 gnomish wizards 4 kobold mummies a red naga hatchling a black naga hatchling 3 gray oozes 3 barrow wights 20 elf zombies 14 ghouls 3 straw golems 2 paper golems 5 jellyfish 31 giant ants 2 little dogs 17 floating eyes a kitten 27 dwarves 3 homunculi 3 kobold leaders 2 kobold shamans 24 hill orcs 26 rothes 4 rabid rats a centipede 3 giant bats 2 monkeys 18 orc zombies 15 dwarf zombies 3 wererats 3 werejackals 13 iguanas 41 killer bees 4 acid blobs 4 gas spores 6 hobbits 27 manes 5 large kobolds 6 hobgoblins 2 giant rats 13 cave spiders 3 yellow molds 2 red molds 76 gnomes 16 garter snakes 18 gnome zombies 12 geckos 20 jackals a fox 2 kobolds 9 goblins a sewer rat 2 grid bugs 7 bats 10 lichens 11 kobold zombies 15 newts 1838 creatures vanquished. Genocided or extinct species: krakens master mind flayers disenchanters erinyes (extinct) sharks electric eels freezing spheres flaming spheres shocking spheres piranha giant eels jellyfish floating eyes gas spores 13 species genocided. 1 species extinct. Voluntary challenges: You read items or engraved 135 times. You engraved Elbereth 19 times. You genocided 13 types of monsters. You never changed form. You used 8 wishes. You did not wish for any artifacts. You did not violate any of the special Sokoban rules. Achievements: You entered the Gnomish Mines. You attained the rank of Pillager. You entered a shop. You entered Minetown. You entered a temple. You attained the rank of Bandit. You completed the Gnomish Mines. You entered Sokoban. You attained the rank of Brigand. You completed Sokoban. You defeated Medusa. You entered Gehennom. You attained the rank of Raider. You had the Bell of Opening. You had the Candelabrum of Invocation. You had the Book of the Dead. You gained access to Moloch's Sanctum. You reached the Elemental Planes. You reached the Astral Plane. You delivered the Amulet of Yendor. You ascended! The Elemental Planes: Astral Plane: <- You are here. A temple to Set. Plane of Water: Plane of Fire: Plane of Air: Plane of Earth: The Dungeons of Doom: levels 1 to 26 Level 1: "vault" A grave. One way stairs up to The Elemental Planes. Level 2: "sinkloot" An altar to Set, a sink. Stairs down to The Gnomish Mines. Level 3: Level 4: A scroll shop, a fountain. Level 5: Level 6: Level 7: "oracle" A fountain. Oracle of Delphi. Level 8: "sinkloot" A fountain, a sink. Stairs up to Sokoban, level 7. Level 9: "vaultloot" Some fountains. Level 10: "vaultloot" An altar to Set, some graves. Final resting place for WizzyTheWeird-Wiz-Hum-Mal-Neu, killed by an energy vortex. Level 11: "vaultloot" A fountain, a sink. Level 12: Final resting place for MoonPig-Mon-Hum-Mal-Law, killed by a leocrotta. Level 13: Level 14: Portal to The Quest. Level 15: Level 16: "cold troll, fire giants" A fountain. Level 17: A primitive area. Level 18: Level 19: Level 20: Level 21: Level 22: Many sinks. Level 23: Some fountains, many trees. Level 24: Level 25: Level 26: A fountain. The castle. Gehennom: levels 27 to 49 Level 27: A temple, many graves. Valley of the Dead. Level 28: Level 29: Level 30: Level 31: Level 32: Level 33: Level 34: Level 35: Level 36: Level 37: Level 38: Some shops, an altar, many graves. Level 39: Stairs up to Vlad's Tower, level 38. Level 40: Level 41: Level 42: Level 43: Level 44: Level 45: Level 46: Level 47: Level 48: Level 49: A temple, many graves. Moloch's Sanctum. The Gnomish Mines: levels 3 to 11 Level 3: Level 4: Level 5: Some shops, a temple to Set, some fountains. Level 6: Level 7: Level 8: "bones, poly trap" A grave. Final resting place for MargeBouvier-Wiz-Gno-Mal-Neu, killed by an owlbear. Level 9: Level 10: Level 11: "poly trap" The Quest: levels 1 to 5 Level 1: Many trees. Completed quest for Pelias. Level 2: Level 3: Level 4: Level 5: An altar. Sokoban: levels 7 up to 4 Level 4: Solved. Level 5: Solved. Level 6: Solved. Level 7: Solved. Vlad's Tower: levels 38 up to 36 Level 36: Level 37: Level 38: Goodbye horga the Demigoddess... You went to your reward with 2104200 points, The Heart of Ahriman (worth 2500 zorkmids and 6250 points) Cleaver (worth 1500 zorkmids and 3750 points) Magicbane (worth 3500 zorkmids and 8750 points) The Book of the Dead (worth 10000 zorkmids and 25000 points) The Bell of Opening (worth 5000 zorkmids and 12500 points) The Candelabrum of Invocation (worth 5000 zorkmids and 12500 points) 1 opal (worth 800 zorkmids), 3 amulets of life saving (worth 450 zorkmids), and 0 pieces of gold, after 34898 moves. You were level 16 with a maximum of 229 hit points when you ascended.